 Dungeon Crawl Stone Soup version 0.30-a0-870-gc5d4c5acee (webtiles) character file.

Game seed: 9186856090461985457

50 NotreDorf the Poker (level 3, 0/28 HPs)
             Began as a Merfolk Reaver on Mar 11, 2023.
             Slain by an adder (1 damage)
             ... on level 3 of the Dungeon.
             The game lasted 00:03:39 (1037 turns).

NotreDorf the Poker (Merfolk Reaver)                Turns: 1037, Time: 00:03:40

Health: 0/28       AC:  8    Str: 14    XL:     3   Next: 79%
Magic:  6/6        EV: 12    Int: 12    God:
Gold:   101        SH:  0    Dex: 12    Spells: 5/6 levels left

rFire   . . .      SeeInvis .    a - +0 spear
rCold   . . .      Faith    .    (no shield)
rNeg    . . .      Spirit   .    b - +0 leather armour
rPois   .          Reflect  .    (no helmet)
rElec   .          Rampage  .    d - +0 cloak
rCorr   .                        (no gloves)
Will    .....                    (no boots)
Stlth   +                        (no amulet)
HPRegen 0.24/turn                j - +4 ring of protection
MPRegen 0.10/turn                o - ring of wizardry

@: no status effects
A: (nimble swimmer 2), mertail
a: no special abilities


You were on level 3 of the Dungeon.
You visited 1 branch of the dungeon, and saw 3 of its levels.

You collected 101 gold pieces.

Inventory:

Hand Weapons
 a - a +0 spear (weapon)
Armour
 b - a +0 leather armour (worn)
 d - a +0 cloak (worn)
Jewellery
 j - a +4 ring of protection (left hand)
 o - a ring of wizardry (right hand)
 r - an amulet of reflection
Scrolls
 c - 3 scrolls of identify {unknown}
 g - a scroll of fear {unknown}
 h - a scroll of fog {unknown}
 k - a scroll of magic mapping {unknown}
 m - a scroll of enchant armour {unknown}
 p - a scroll of teleportation {unknown}
 q - a scroll of blinking {unknown}
Potions
 e - a potion of flight {unknown}
 f - a potion of lignification {unknown}
 i - a potion of brilliance {unknown}
 l - a potion of haste {unknown}
 n - 2 potions of degeneration {unknown}


   Skills:
 + Level 2.8 Fighting
 + Level 4.7 Polearms
 + Level 3.5 Dodging
 + Level 2.4 Spellcasting
 - Level 2.4 Conjurations


You had 5 spell levels left.
You knew the following spells:

 Your Spells              Type           Power      Damage    Failure   Level
a - Kiss of Death         Conj/Necr      16%        2d6       9%          1

Your spell library contained the following spells:

 Spells                   Type           Power      Damage    Failure   Level
 Momentum Strike          Conj/Tloc      8%         3d8       12%         2
 Hailstorm                Conj/Ice       4%         3d4       24%         3


Dungeon Overview and Level Annotations

Branches:
Dungeon (2/15)

Altars:


Innate Abilities, Weirdness & Mutations

((You are very nimble when in or above water. (Stealth+, EV+, Speed+++)))
Your lower body shifts to a powerful aquatic tail in water.


Message History

You now have 84 gold pieces (gained 19).
A frilled lizard comes into view.
The frilled lizard hisses angrily.
You reach to attack!
You barely miss the frilled lizard. You barely miss the frilled lizard.
The frilled lizard closely misses you.
You hit the frilled lizard.
You kill the frilled lizard!
You see here a frilled lizard corpse.
r - an amulet of reflection You now have 101 gold pieces (gained 17).
A rat comes into view.
You reach to attack!
You hit the rat but do no damage.
You reach to attack!
You hit the rat but do no damage. You closely miss the rat.
Your punch misses the rat. The rat bites you but does no damage.
You hit the rat but do no damage. The rat barely misses you.
You hit the rat.
You kill the rat!
An adder comes into view.
You see here a rat corpse.
An orc priest comes into view. It is wielding a +0 hand axe.
Found an escape hatch in the ceiling. 2 orcs come into view.
Found a scroll labelled UKUOP JAHIUCRE.
The orc shouts!
The adder hisses angrily.
The orc shouts!
The orc priest shouts!
You hear a shout!
An orc comes into view. It is wielding a +0 whip.
Found a stone staircase leading down.
The orc shouts!
The orc priest invokes the aid of Beogh against you.
Beogh smites you!
You closely miss the adder.
The orc priest invokes the aid of Beogh against you.
Beogh smites you!
Ouch! That really hurt!
* * * LOW HITPOINT WARNING * * *
The adder bites you.
* * * LOW HITPOINT WARNING * * *
The adder attacks as you move away! The adder bites you.
You die...

#>......... #..........
#..o....... ......o...
##.o.o.<. #?..... #.S.# ##
##.@.#### ..# #..#....#
..# #.##.##.# ..# #.#
#†##.##.# #.## #.#
#.##..#.## #..#
#.#####...#....#######..##
#.#...#.#....#............
#.#.#.#.####..#######†.##^
#.#†#.#.# #..# ##....


You could see an orc priest, an adder and 3 orcs.

Vanquished Creatures
  An adder (D:3)
  2 endoplasms (D:1)
  5 giant cockroaches
  8 goblins
  2 hobgoblins (D:2)
  A quokka (D:1)
  7 ball pythons
  2 bats (D:1)
  3 frilled lizards
  4 kobolds
  2 rats
37 creatures vanquished.

Notes
Turn   | Place    | Note
-------+----------+-------------------------------------------
     0 | D:1      | NotreDorf the Merfolk Reaver began the quest for the Orb.
     0 | D:1      | Reached XP level 1. HP: 16/16 MP: 3/3
    98 | D:1      | Reached XP level 2. HP: 20/23 MP: 5/5
   545 | D:1      | Reached XP level 3. HP: 28/28 MP: 6/6
   900 | D:2      | You fall into a shaft and drop 1 floor!
  1036 | D:3      | HP: 1/28 [adder (2)]
  1037 | D:3      | Slain by an adder

Illustrated notes

Levels and vault maps discovered:
D:1:      wander_arrival_desolate, layout_loops_ring, serial_glass,
          glass_columns_a, glass_columns_a
D:2:      layout_rooms, uniq_sigmund
D:3:      layout_rooms, serial_shops, nicolae_shop_hallway_plus,
          roderic_serpentine_path

Skill      XL: |  1 |
---------------+----+-----
Dodging        | 3 |  3.5
Fighting       | |  2.8
Polearms       | |  4.7
Spellcasting   | |  2.4
Conjurations   | |  2.4

Action                     || total
---------------------------++-------
  Melee: Spear             ||   168
   Stab: Sleeping          ||     2
 Armour: Leather armour    ||    48
  Dodge: Dodged            ||    70

Table legend: (Time is in decaauts)
 A = Elapsed time spent in this place.
 B = Non-inter-level travel time spent in this place.
 C = Inter-level travel time spent in this place.
 D = Time resting spent in this place.
 E = Time spent auto-exploring this place.
 F = Levels seen in this place.
 G = Mean time per level.
                   A        B        C        D        E       F      G
               +--------+--------+--------+--------+--------+-----+--------+
         Total |   1015 |   1006 |      9 |      0 |    717 |   3 |  338.3 |
       Dungeon |   1015 |   1006 |      9 |      0 |    717 |   3 |  338.3 |
               +--------+--------+--------+--------+--------+-----+--------+

Top non-repeatable levels by time:
     D:1: 762 daAuts
     D:3: 132 daAuts
     D:2: 121 daAuts
